Map: Eastwatch LE

Players

JackNyk - Winner!

  • Race: Protoss Protoss
  • League: Silver
  • Spawn Location: 7:00

Leafstep

  • Race: Zerg Zerg
  • League: Silver
  • Spawn Location: 1:00

VOD

Have the link to the VOD?

Description

Time

  • Played on: Feb. 10, 2018, 8:10 p.m.
  • Length: 4:53
Show
View Real Time Build Order
Export as new Build Order

JackNyk Protoss - Winner!

Build Orders:  

Get SALT Encoding   

  12  0:02  Probe (Chrono Boost)  
  14  0:15  Probe (Chrono Boost)  
  14  0:23  Probe (Chrono Boost)  
  14  0:27  Pylon  
  15  0:45  Probe  
  16  0:51  Forge  
  16  0:57  Probe  
  17  1:07  Gateway  
  17  1:24  Pylon  
  17  1:29  Pylon  
  17  1:44  Photon Cannon  
  17  1:49  Photon Cannon  
  17  1:51  Pylon  
  17  2:03  Pylon  
  17  2:11  Photon Cannon  
  17  2:14  Photon Cannon  
  17  2:25  Photon Cannon  
  17  2:36  Photon Cannon  
  17  2:38  Pylon  
  17  2:44  Assimilator  
  17  2:47  Zealot  
  19  2:58  Cybernetics Core  
  19  3:01  Probe  
  20  3:19  Pylon  
  20  3:22  Pylon  
  20  3:47  Assimilator  
  20  3:55  Probe (Chrono Boost)  
  21  3:59  Nexus  
  21  4:02  Pylon  
  21  4:05  Probe (Chrono Boost)  
  22  4:35  Pylon  
  22  4:39  Pylon  
  22  4:53  Gateway  
Show
View Real Time Build Order
Export as new Build Order

Leafstep Zerg 

Build Orders: Hatch First 

Get SALT Encoding   

  12  0:01  Drone  
  13  0:10  Drone  
  14  0:32  Overlord x2  
  14  0:50  Drone x2  
  16  0:58  Drone  
  17  1:10  Hatchery  
  16  1:14  Drone  
  17  1:19  Extractor  
  17  1:21  Drone  
  17  1:32  Drone  
  18  1:38  Drone  
  19  1:44  Spawning Pool  
  18  1:48  Drone  
  19  1:59  Drone  
  20  2:14  Drone  
  21  2:31  Metabolic Boost  
  21  2:33  Zergling x2  
  21  2:34  Zergling x2  
  21  2:35  Zergling x4  
  21  2:36  Queen  
  29  2:49  Baneling Nest  
  28  2:55  Evolution Chamber  
  28  2:57  Zergling x4  
  25  3:08  Zergling x4  
  25  3:09  Zergling x4  
  29  3:17  Queen, Spore Crawler  
  25  3:37  Zergling x6  
  14  3:52  Zergling x4  
  14  3:53  Zergling x2  
  9  4:01  Zergling x2  
Tags
 
Add a new tag
Caveats
  • Supply blocks, unpowered buildings, or Contaminate may cause inaccurate times.
  • Supply counts are checked every 10 seconds.